 Dungeon Crawl Stone Soup version 0.20-a0-658-g02b20f4 (webtiles) character file.

39 M4edhros the Sneak (level 3, -3/23 HPs)
             Began as an Octopode Artificer on Feb 17, 2017.
             Slain by a worker ant (6 damage)
             ... on level 4 of the Dungeon.
             The game lasted 00:01:53 (1251 turns).

M4edhros the Sneak (Octopode Artificer)             Turns: 1251, Time: 00:01:54

Health: -3/23      AC:  1    Str: 11    XL:     3   Next: 47%
Magic:  5/5        EV: 13    Int: 13    God:
Gold:   32         SH:  0    Dex: 13    Spells: 2/2 levels left

rFire    . . .     SeeInvis .   a - +0 short sword
rCold    . . .     Gourm    .   (no shield)
rNeg     . . .     Faith    .   (helmet restricted)
rPois    .         Spirit   .   (no amulet)
rElec    .         Reflect  .   l - ring of teleportation (curse)
rCorr    .         Harm     .   (no ring)
MR       .....     Rnd*Tele +   (no ring)
Stlth    ++++......             (no ring)
Regen    0.1/turn               (no ring)
MPRegen  0.1/turn               (no ring)
                                (no ring)
                                (no ring)

@: no status effects
A: almost no armour, stealthy swim, amphibious, 8 rings, constrict 8, camouflage
1, gelatinous body 1
a: no special abilities


You were on level 4 of the Dungeon.
You were hungry.

You visited 1 branch of the dungeon, and saw 4 of its levels.

You collected 32 gold pieces.

Inventory:

Hand Weapons
 a - a +0 short sword (weapon)
 i - a cursed -1 hunting sling
Missiles
 j - 58 stones (quivered)
Jewellery
 l - a cursed ring of teleportation (left tentacle)
Wands
 b - a wand of flame (11/48)
 c - a wand of enslavement (7/24)
 d - a wand of random effects (14/48)
Scrolls
 e - a scroll of identify {unknown}
Potions
 g - 2 potions of curing {unknown}
 h - a potion of berserk rage {unknown}
 k - a potion of degeneration {unknown}
 m - 2 potions of mutation {unknown}
 n - a potion of haste {unknown}
Comestibles
 f - a bread ration


   Skills:
 - Level 1.0 Fighting
 - Level 1.0 Short Blades
 - Level 2.0 Dodging
 + Level 4.7 Stealth
 - Level 3.2 Evocations


You had 2 spell levels left.
You didn't know any spells.

Dungeon Overview and Level Annotations

Branches:
Dungeon (4/15)
 Temple: D:4-7

Altars:


Innate Abilities, Weirdness & Mutations

You cannot wear most types of armour.
You are very stealthy in the water. (Stealth+)
You are amphibious.
You can wear up to eight rings at the same time.
You can use your tentacles to constrict eight enemies at once.
Your skin changes colour to match your surroundings (Stealth+).
Your rubbery body absorbs attacks. (AC +1, EV +1)


Message History

The worker ant bites you!
You are too injured to fight recklessly!
You hit the worker ant but do no damage.
The worker ant is lightly wounded.
You constrict the worker ant. The worker ant bites you.
* * * LOW HITPOINT WARNING * * *
Evoke which item? (* to show all) (? for menu, Esc to quit)
Aiming: Enslavement
Press: ? - help, Shift-Dir - straight line, f - worker ant
Aim: a worker ant (lightly wounded, constricted by you, chance to defeat MR: 64%)
The worker ant struggles to resist.
This wand has 8 charges left.
You constrict the worker ant.
The worker ant bites you but does no damage.
Evoke which item? (* to show all) (? for menu, Esc to quit)
Aiming: Enslavement
Press: ? - help, Shift-Dir - straight line, f/p - worker ant
Aim: a worker ant (moderately wounded, constricted by you, chance to defeat MR: 64%)
The worker ant struggles to resist.
This wand has 7 charges left.
You constrict the worker ant. The worker ant bites you.
You die...

....# ....#
....#
###....#
#......###
+..$......
#...###...
##.###...###
.
.......@...+
##.###.a.###
#...# #####


You could see a worker ant.

Vanquished Creatures
  2 adders
  A worm (D:2)
  A dart slug (D:3)
  2 bats
  A giant cockroach (D:1)
  A goblin (D:1)
  5 kobolds (D:3)
13 creatures vanquished.

Vanquished Creatures (collateral kills)
  2 orcs (D:3)
2 creatures vanquished.

Grand Total: 15 creatures vanquished

Notes
Turn   | Place    | Note
-------+----------+-------------------------------------------
     0 | D:1      | M4edhros the Octopode Artificer began the quest for the Orb.
     0 | D:1      | Reached XP level 1. HP: 13/13 MP: 3/3
    68 | D:1      | Reached skill level 2 in Stealth
   130 | D:2      | Reached skill level 3 in Stealth
   130 | D:2      | Reached XP level 2. HP: 9/18 MP: 4/4
   302 | D:3      | Reached skill level 4 in Stealth
   302 | D:3      | Reached XP level 3. HP: 23/23 MP: 5/5
   579 | D:3      | HP: 1/23 [orc/tomahawk (5)]
   939 | D:4      | Noticed a sky beast
  1251 | D:4      | Slain by a worker ant

Vault maps used:
D:1:      eino_arrival_cavern_a, grunt_decor_arrowhead, minmay_split_cup_large
D:2:      grunt_ministairs_14, uniq_iyjb, uniq_crazy_yiuf_cottage
D:3:      minmay_goblin_kobold_castle, kennysheep_generic_room_2
D:4:      wad_crossroads

Skill      XL: |  1  2 |
---------------+-------+-----
Stealth        | 3 4 |  4.7
Fighting       | |  1.0
Short Blades   | |  1.0
Dodging        | |  2.0
Evocations     | |  3.2

Action                   || total
-------------------------++-------
Melee: Short sword       ||    26
       Tentacles         ||     6
       Constrict         ||     8
Evoke: Wand              ||    13
 Stab: Sleeping          ||     6
Armor: Skin              ||     4
Dodge: Dodged            ||    22
